 Dungeon Crawl Stone Soup version 0.28-b1-70-g80dc712255 (webtiles) character file.

Game seed: 2017946008129412475

5740 zeram the Covert (level 10, -1/63 HPs)
             Began as an Octopode Fighter on Feb 4, 2022.
             Was an Initiate of Gozag.
             Slain by a hornet (8 damage)
             ... on level 9 of the Dungeon.
             The game lasted 00:16:14 (10656 turns).

zeram the Covert (Octopode Fighter)                Turns: 10656, Time: 00:16:14

Health: -1/63      AC:  1    Str: 21    XL:     10   Next: 77%
Magic:  0/10       EV: 15    Int: 14    God:    Gozag
Gold:   965        SH:  7    Dex: 13    Spells: 2/9 levels left

rFire   + . .      SeeInvis .   n - +11 dagger of the Wheel {protect, rF+}
rCold   . . .      Faith    .   b - +2 buckler
rNeg    . . .      Spirit   +   (helmet restricted)
rPois   .          Reflect  .   m - amulet of guardian spirit
rElec   .          Harm     .   f - ring of willpower
rCorr   .          Rampage  .   i - ring of wizardry
Will    +....                   r - +6 ring of strength
Stlth   ++++++....              (no ring)
HPRegen 0.20/turn               (no ring)
MPRegen 0.12/turn               (no ring)
                                (no ring)
                                (no ring)

@: gold aura, slowed, invisible, unable to read, very slow
A: almost no armour, amphibious, 8 rings, camouflage 1, gelatinous body 1,
(nimble swimmer 1), tentacles, wild magic 1, inability to read while threatened
a: Renounce Religion, Potion Petition, Call Merchant, Bribe Branch


You were on level 9 of the Dungeon.
You worshipped Gozag.
Gozag was pleased with you.
You visited 2 branches of the dungeon, and saw 10 of its levels.

You collected 1014 gold pieces.
You paid 49 gold pieces to Gozag.

Inventory:

Hand Weapons
 a - a +0 rapier
 n - the +11 dagger of the Wheel (weapon) {protect, rF+}
   (You found it on level 4 of the Dungeon)

   It grants its wielder temporary protection when it strikes (+7 to AC).
   rF:        It protects you from fire.
Missiles
 q - 2 throwing nets (quivered)
Armour
 b - a +2 buckler (worn)
 c - a +0 tower shield
 t - an orb of guile
Jewellery
 f - a ring of willpower (left tentacle)
 i - a ring of wizardry (right tentacle)
 m - an amulet of guardian spirit (around mantle)
 o - an amulet of the acrobat
 r - a +6 ring of strength (on tentacle)
Wands
 j - a wand of acid (10)
Scrolls
 e - a scroll of blinking
 k - a scroll of teleportation
 p - 2 scrolls of magic mapping
 s - a scroll of enchant weapon {unknown}
 u - a scroll of vulnerability
 w - a scroll of amnesia
Potions
 d - a potion of flight
 g - 2 potions of cancellation
 h - 3 potions of haste
 l - a potion of might


   Skills:
 - Level 3.0 Fighting
 + Level 9.8 Short Blades
 + Level 6.5 Dodging
 + Level 13.5 Stealth
 + Level 6.3 Shields
 - Level 0.2 Evocations


You had 2 spell levels left.
You knew the following spells:

 Your Spells              Type           Power      Damage    Failure   Level
a - Summon Hydra          Summ           0%         N/A       100%        7

Your spell library contained the following spells:

 Spells                   Type           Power      Damage    Failure   Level
 Sublimation of Blood     Necr           0%         N/A       28%         2
 Wereblood                Tmut           0%         N/A       28%         2
 Stone Arrow              Conj/Erth      0%         3d7       45%         3
 Lehudib's Crystal Spear  Conj/Erth      0%         10d2      100%        8
 Animate Armour           Summ/Erth      Unusable   N/A       N/A         4

Dungeon Overview and Level Annotations

Branches:
Dungeon (9/15)             Temple (1/1) D:5
   Lair: D:8-11         Orc: D:9-12

Altars:
Ashenzari
Dithmenos
Elyvilon
Fedhas
Gozag
Hepliaklqana
Kikubaaqudgha
Makhleb
Nemelex Xobeh
Okawaru
Qazlal
Ru
Sif Muna
Trog
Uskayaw
Vehumet
Wu Jian
Xom
Yredelemnul
Zin

Shops:
D:6 ?

Annotations:
D:5 2 transporters, tizbic2's ghost, novice OgNe


Innate Abilities, Weirdness & Mutations

You cannot wear most types of armour.
You are amphibious.
You can wear up to eight rings at the same time.
Your skin changes colour to match your surroundings (Stealth+).
Your rubbery body absorbs attacks. (AC +1, EV +1)
((You are camouflaged when in or above water. (Stealth+)))
You have tentacles for arms and can constrict up to eight enemies at once.
Your spells are a little harder to cast, but a little more powerful.
You sometimes lose the ability to read scrolls when taking damage.


Message History

You puncture the troll!
The troll is severely wounded.
You barely miss the troll. Your squeeze misses the troll.
The troll is severely wounded.
The troll bites you but does no damage. The troll misses you.
The troll claws you.
You puncture the troll!
You kill the troll!
You block the gnoll sergeant's attack.
You puncture the hornet! Your grab misses the hornet.
The hornet is moderately wounded.
The hornet stings you!
You suddenly lose the ability to move!
The hornet stings you!
You feel threatened and lose the ability to read scrolls!
You feel yourself slow down.
The gnoll sergeant hits you but does no damage.
The hornet stings you.
You feel as though you will be slow longer.
The gnoll sergeant hits you from afar with a +0 spear!
The hornet stings you.
You feel as though you will be slow longer.
You can move again.
You cannot read scrolls in your current state!
Unknown command.
You cannot read scrolls in your current state!
The hornet stings you but does no damage.
The hornet stings you!
* * * LOW HITPOINT WARNING * * *
You feel as though you will be slow longer.
The hornet stings you!
* * * LOW HITPOINT WARNING * * *
You feel as though you will be slow longer.
You fade into invisibility!
The hornet misses you. The hornet barely misses you.
You block the hornet's attack.
Okay, then.
You cannot read scrolls in your current state!
The hornet stings you!
You die...
Your body crumbles into a pile of gold.

#.# #.. #.# ##.# #.#
#..# #.# #..# #.#
#..# ###.#
#..########
#...####..........
#.#.....[.........
####@#########.######
#..#y#..# #.#
#...#W..# #.#
####.#########.#
#.#.# #......######
####$####............
#.#Wg.#.#............
#....y..###..........
#.......# #..........


You could see a hornet and a wraith.

Vanquished Creatures
  Harold (D:9)
  Erica (D:8)
  A troll (D:9)
  A hornet (D:8)
  A centaur simulacrum (D:9)
  4 yaks (D:8)
  Duvessa (D:6)
  4 orc warriors
  2 sky beasts (D:7)
  An ice beast (D:8)
  3 ogres
  A hornet zombie (D:8)
  A black bear (D:6)
  3 centaurs
  2 phantoms (D:6)
  A kobold brigand (D:7)
  Blork the orc (D:4)
  A gnoll sergeant (D:5)
  A scorpion (D:6)
  A bullfrog (D:8)
  A water moccasin zombie (D:5)
  Dowan (D:6)
  7 killer bees
  3 wights (D:7)
  A bullfrog zombie (D:7)
  A centaur zombie (D:8)
  3 hounds
  A jelly (D:6)
  8 orc priests
  A centaur skeleton (D:6)
  3 iguanas
  5 orc wizards
  A hound skeleton (D:5)
  A howler monkey zombie (D:6)
  12 adders
  6 gnolls
  A howler monkey skeleton (D:4)
  A shadow imp (D:6)
  A white imp (D:6)
  An ufetubus (D:5)
  4 dart slugs
  29 orcs
  4 ball pythons
  2 bats (D:1)
  8 endoplasms
  2 giant cockroaches
  3 hobgoblins
  16 kobolds
  2 quokkas
  3 frilled lizards
  8 goblins
  7 rats
179 creatures vanquished.

Vanquished Creatures (others)
  3 plants
3 creatures vanquished.

Grand Total: 182 creatures vanquished

Notes
Turn   | Place    | Note
-------+----------+-------------------------------------------
     0 | D:1      | zeram the Octopode Fighter began the quest for the Orb.
     0 | D:1      | Reached XP level 1. HP: 16/16 MP: 1/1
   130 | D:1      | Reached XP level 2. HP: 17/21 MP: 2/2
   338 | D:1      | Found a faded altar of an unknown god.
   431 | D:1      | Reached skill level 1 in Stealth
   453 | D:1      | Reached XP level 3. HP: 26/26 MP: 3/3
  1042 | D:2      | Reached skill level 2 in Stealth
  1543 | D:2      | Reached XP level 4. HP: 31/31 MP: 4/4
  2261 | D:3      | Reached skill level 3 in Stealth
  2471 | D:3      | Found a sacrificial altar of Ru.
  2591 | D:3      | Reached XP level 5. HP: 28/36 MP: 5/5
  2942 | D:3      | Reached skill level 4 in Stealth
  3186 | D:4      | Noticed an ogre
  3824 | D:2      | Reached XP level 6. HP: 21/42 MP: 6/6
  4099 | D:3      | Reached skill level 5 in Stealth
  4140 | D:4      | Reached XP level 7. HP: 29/46 MP: 7/7
  4199 | D:4      | Noticed Blork the orc
  4209 | D:5      | Entered Level 5 of the Dungeon
  4209 | D:5      | Found a transporter.
  4225 | D:5      | Noticed tizbic2's ghost (novice OgNe)
  4494 | D:5      | Reached skill level 6 in Stealth
  4497 | D:5      | Reached skill level 5 in Short Blades
  4639 | D:5      | Found a staircase to the Ecumenical Temple.
  4820 | D:5      | Found a transporter.
  5251 | Temple   | Entered the Ecumenical Temple
  5339 | Temple   | Became a worshipper of Gozag Ym Sagoz the Greedy
  5358 | D:5      | Reached skill level 7 in Stealth
  5878 | D:4      | Killed Blork the orc
  5879 | D:4      | Reached XP level 8. HP: 20/52 MP: 8/8
  6192 | D:4      | Found an iron altar of Okawaru.
  6279 | D:4      | Identified the +11 dagger of the Wheel {protect, rF+}
  6331 | D:4      | Identified the +0 pair of gloves of Bedazzling Liberty
                  | {Int+7 Dex-3}
  6520 | D:6      | Reached skill level 8 in Stealth
  6646 | D:6      | Noticed Dowan
  6647 | D:6      | Noticed Duvessa
  6649 | D:6      | Killed Dowan
  6656 | D:6      | Killed Duvessa
  6916 | D:6      | Reached skill level 9 in Stealth
  7463 | D:6      | Found Itwuwk's Magic Scroll Shop.
  7784 | D:7      | Reached skill level 10 in Stealth
  7810 | D:7      | Found an ornate altar of the Wu Jian Council.
  7819 | D:7      | Gained mutation: Your spells are a little harder to cast,
                  | but a little more powerful. [potion of mutation]
  7819 | D:7      | Gained mutation: You sometimes lose the ability to read
                  | scrolls when taking damage. [potion of mutation]
  7831 | D:7      | Reached XP level 9. HP: 31/53 MP: 3/9
  8037 | D:7      | Learned a level 7 spell: Summon Hydra
  8189 | D:7      | Reached skill level 5 in Dodging
  8702 | D:7      | Reached skill level 11 in Stealth
  9010 | D:8      | Found a white marble altar of Elyvilon.
  9012 | D:8      | Reached skill level 5 in Shields
  9017 | D:8      | Noticed Erica
  9020 | D:8      | Killed Erica
  9021 | D:8      | Reached skill level 12 in Stealth
  9090 | D:8      | Reached XP level 10. HP: 63/63 MP: 10/10
  9233 | D:8      | Found a bloodstained altar of Trog.
  9233 | D:8      | Found a burning altar of Makhleb.
  9437 | D:8      | You fall into a shaft and drop 1 floor!
  9541 | D:8      | Found a shimmering altar of Xom.
 10111 | D:9      | Noticed Harold
 10125 | D:9      | Killed Harold
 10126 | D:9      | Reached skill level 13 in Stealth
 10649 | D:9      | Paralysed by a hornet for 2 turns
 10656 | D:9      | Slain by a hornet

Illustrated notes

Levels and vault maps discovered:
D:1:      lightli_arrival_isolated_outpost, layout_rooms, basic_ecumenical_altar
D:2:      layout_basic, minmay_box_of_dots
D:3:      wander_river, layout_basic, nicolae_ru_great_annihilating_truth
D:4:      layout_cave_pools, okawaru_ov_weapons_minmay, chequers_big_river,
          uniq_blork_the_orc
D:5:      layout_loops_ring, minmay_temple_entry_overgrown,
          gammafunk_ghost_arena, lightli_minifort
D:6:      layout_loops_cross, serial_shops, shop, dk_noncrumbling_3, hex_medium,
          uniq_duvessa
D:7:      layout_basic, pdpol_wu_jian_five_deadly_venoms
D:8:      layout_rooms, nicolae_overflow_crystal_walls, kennysheep_mini,
          nicolae_overflow_hidden_temple, serial_rivers,
          chequers_serial_rivers_large_a, chequers_serial_rivers_room_a,
          chequers_serial_rivers_micro_c, chequers_serial_rivers_small_a,
          chequers_serial_rivers_micro_d, chequers_serial_rivers_large_b,
          uniq_erica
D:9:      layout_small_grid, kennysheep_orc_monster_closet_entryway,
          wad_rectangle_vault, uniq_prince_ribbit1, uniq_harold
Temple:   dshaligram_water_room_temple

Skill      XL: |  1  2  3  4  5  6  7  8  9 10 |
---------------+-------------------------------+-----
Stealth        | 1 2 3 4 5 7 10 12 13 | 13.5
Short Blades   | 3 4 5 7 8 9 |  9.8
Dodging        | 4 5 6 |  6.5
Shields        | 4 5 6 |  6.3
Fighting       | |  3.0
Evocations     | |  0.2

Action                   |  1- 3 |  4- 6 |  7- 9 | 10-12 || total
-------------------------+-------+-------+-------+-------++-------
Melee: Rapier            |    60 |    83 |   103 |       ||   246
       Constrict         |    12 |    19 |    32 |    21 ||    84
       Tentacles         |     9 |    18 |    55 |    26 ||   108
       Punch             |       |     2 |     5 |     3 ||    10
       Dagger            |       |       |   132 |   115 ||   247
Evoke: Wand              |       |     4 |       |       ||     4
  Use: Scroll            |     5 |     4 |     5 |     2 ||    16
       Potion            |       |     3 |     6 |     1 ||    10
 Stab: Sleeping          |     7 |     4 |    26 |     2 ||    39
       Paralysed         |       |     4 |       |       ||     4
       Distracted        |       |     1 |       |     3 ||     4
Armor: Skin              |     2 |     4 |    30 |     8 ||    44
Dodge: Dodged            |    18 |    40 |    60 |    41 ||   159
Block: Buckler           |     9 |    13 |    49 |    23 ||    94
